 Dungeon Crawl Stone Soup version 0.29-a0-275-g389c0b56f3 (webtiles) character file.

Game seed: 10214102960986849875

548 Ajdolov the Ogre Mage (level 7, -7/71 HPs)
             Began as an Ogre Earth Elementalist on Mar 12, 2022.
             Mangled by Edmund
             ... wielding a +4 dire flail of protection
              (18 damage)
             ... on level 4 of the Dungeon.
             The game lasted 00:07:40 (4295 turns).

Ajdolov the Ogre Mage (Ogre Earth Elementalist)     Turns: 4295, Time: 00:07:41

Health: -7/71      AC:  4    Str: 13    XL:     7   Next: 28%
Magic:  1/14       EV:  9    Int: 18    God:
Gold:   126        SH:  0    Dex:  9    Spells: 11/15 levels left

rFire   . . .      SeeInvis .   e - +2 spear (vamp)
rCold   . . .      Faith    .   (no shield)
rNeg    . . .      Spirit   .   b - +0 robe
rPois   .          Reflect  .   (helmet restricted)
rElec   .          Harm     .   k - +0 cloak
rCorr   .          Rampage  .   (gloves unavailable)
Will    .....                   (boots unavailable)
Stlth   +.........              (no amulet)
HPRegen 0.21/turn               d - ring of flight
MPRegen 0.14/turn               (no ring)

@: flying
A: large, unfitting armour, tough skin 1
a: no special abilities


You were on level 4 of the Dungeon.
You visited 1 branch of the dungeon, and saw 4 of its levels.

You collected 126 gold pieces.

Inventory:

Hand Weapons
 e - a +2 vampiric spear (weapon)
Missiles
 a - 135 stones
Armour
 b - a +0 robe (worn)
 k - a +0 cloak (worn)
Jewellery
 d - a ring of flight (left hand)
Scrolls
 f - 4 scrolls of identify
 g - a scroll of teleportation
 i - a scroll of blinking
 j - a scroll of magic mapping {unknown}
 l - a scroll of noise {unknown}
 r - a scroll of enchant weapon {unknown}
Potions
 c - 2 potions of magic
 h - a potion of haste {unknown}
 n - a potion of flight {unknown}
 o - 2 potions of curing {unknown}
 p - a potion of brilliance {unknown}
 q - 2 potions of degeneration {unknown}


   Skills:
 + Level 4.6 Fighting
 - Level 1.7 Dodging
 - Level 1.4 Stealth
 + Level 4.7 Spellcasting
 * Level 4.2 Conjurations
 - Level 0.8 Transmutations
 - Level 3.3 Earth Magic


You had 11 spell levels left.
You knew the following spells:

 Your Spells              Type           Power      Damage    Failure   Level
a - Sandblast             Erth           32%        2d9       3%          1
b - Stone Arrow           Conj/Erth      34%        3d9       9%          3

Your spell library contained the following spells:

 Spells                   Type           Power      Damage    Failure   Level
 Passwall                 Tmut/Erth      9%         N/A       9%          2
 Petrify                  Tmut/Erth      11%        N/A       50%         4


Dungeon Overview and Level Annotations

Branches:
Dungeon (4/15)
 Temple: D:4-7

Altars:
Gozag

Shops:
D:1 [

Annotations:
D:4 Edmund


Innate Abilities, Weirdness & Mutations

You are too large for most types of armour.
You have tough skin. (AC +1)


Message History

You hit Edmund but do no damage.
Edmund hits you with a +4 dire flail of protection.
You hit Edmund but do no damage. Edmund closely misses you.
Edmund hits you with a +4 dire flail of protection.
You hit Edmund but do no damage.
Edmund hits you with a +4 dire flail of protection!
Casting: Stone Arrow (dangerous; 9% risk of failure)
Confirm with . or Enter, or press ? or * to list all spells.
Aiming: Stone Arrow (dangerous; 9% risk of failure)
Press: ? - help, Shift-Dir - straight line, f - Edmund
Aim: Edmund, wielding a +4 dire flail of protection and wearing a +0 chain mail (77% to hit)
The stone arrow hits Edmund!
Edmund is moderately wounded.
Edmund hits you with a +4 dire flail of protection!
Casting: Stone Arrow (dangerous; 9% risk of failure)
Confirm with . or Enter, or press ? or * to list all spells.
Aiming: Stone Arrow (dangerous; 9% risk of failure)
Press: ? - help, Shift-Dir - straight line, f/p - Edmund
Aim: Edmund, wielding a +4 dire flail of protection and wearing a +0 chain mail (moderately wounded, 77% to hit)
The stone arrow hits Edmund!
Edmund is heavily wounded.
Edmund hits you but does no damage.
You hit Edmund but do no damage.
Edmund is heavily wounded.
Edmund closely misses you.
Unknown command.
You hit Edmund but do no damage.
Edmund is heavily wounded.
Edmund hits you with a +4 dire flail of protection!
You hit Edmund but do no damage.
Edmund is heavily wounded.
Edmund hits you with a +4 dire flail of protection!
You barely miss Edmund.
Edmund is heavily wounded.
Edmund hits you with a +4 dire flail of protection!
* * * LOW HITPOINT WARNING * * *
You hit Edmund but do no damage.
Edmund is heavily wounded.
Edmund hits you with a +4 dire flail of protection!!
You die...

##........)..#### #.###...
#!........##..÷.## #.##....
#.........###.#÷.# #.##....
#.........# # ##.###.##.##.
#.........# #...#.##.#..
#.........# ###.#....#[#
##.......## #..#...#.#
#........@## ###.......#
#.........@### .###.......
#............###...........
#.........##....##.....#.#.
#.........#####..#....##...
##.......## ##....#######
##.....## #..#.# # #######
##.##.# # ###..#..# #
#......## #


You could see Edmund.

Vanquished Creatures
  Eustachio (D:4)
  2 black bears (D:4)
  A hound (D:2)
  3 gnolls
  7 adders
  A worm (D:3)
  2 dart slugs
  6 orcs (D:3)
  12 ball pythons
  10 endoplasms
  7 giant cockroaches
  6 goblins
  5 hobgoblins
  2 jackals (D:1)
  7 kobolds
  2 quokkas (D:1)
  12 bats
  6 frilled lizards
  4 rats
  A spectral goblin (D:1)
97 creatures vanquished.

Notes
Turn   | Place    | Note
-------+----------+-------------------------------------------
     0 | D:1      | Ajdolov the Ogre Earth Elementalist began the quest for the
                  | Orb.
     0 | D:1      | Reached XP level 1. HP: 16/16 MP: 3/3
   276 | D:1      | Reached XP level 2. HP: 26/26 MP: 5/5
   277 | D:1      | Reached skill level 1 in Fighting
   279 | D:1      | Found Amev's Armour Emporium.
   512 | D:1      | Found a faded altar of an unknown god.
   755 | D:1      | Reached XP level 3. HP: 33/33 MP: 5/7
   816 | D:1      | Learned a level 3 spell: Stone Arrow
  1279 | D:2      | Reached skill level 1 in Conjurations
  1383 | D:2      | Reached XP level 4. HP: 42/42 MP: 5/8
  2036 | D:2      | Reached XP level 5. HP: 50/52 MP: 7/10
  3232 | D:3      | Found an opulent altar of Gozag.
  3778 | D:4      | Noticed a black bear
  3795 | D:4      | Noticed Eustachio
  3994 | D:4      | Noticed a black bear
  3998 | D:4      | Killed a black bear
  3999 | D:4      | Reached XP level 6. HP: 61/62 MP: 0/12
  4113 | D:4      | Killed Eustachio
  4114 | D:4      | Reached XP level 7. HP: 71/71 MP: 4/13
  4271 | D:4      | Noticed Edmund
  4295 | D:4      | Mangled by Edmund

Illustrated notes

Levels and vault maps discovered:
D:1:      dpeg_arrival_pits, layout_basic, serial_shops, shop,
          dreamdust_ecumenical_altar_drowned_temple
D:2:      minmay_door_path, layout_loops_ring
D:3:      layout_basic, mainiacjoe_overflow_alcove_2, minmay_misc_feat_roman
D:4:      cheibrodos_helix_gallery, layout_rooms, uniq_eustachio, uniq_edmund

Skill      XL: |  1  2  3  4  5  6  7 |
---------------+----------------------+-----
Earth Magic    | 3 |  3.3
Fighting       | 1 2 3 4 |  4.6
Spellcasting   | 3 4 |  4.7
Conjurations   | 1 2 3 4 |  4.2
Dodging        | |  1.7
Stealth        | |  1.4
Transmutations | |  0.8

Action                   |  1- 3 |  4- 6 |  7- 9 || total
-------------------------+-------+-------+-------++-------
Melee: Dagger            |       |   155 |       ||   155
       Unarmed           |       |     5 |       ||     5
       Spear             |       |       |    16 ||    16
 Fire: Hunting sling     |   112 |    51 |       ||   163
 Cast: Sandblast         |    23 |    31 |       ||    54
       Stone Arrow       |       |    12 |     5 ||    17
  Use: Scroll            |       |     3 |       ||     3
Armor: Robe              |    33 |    70 |     2 ||   105
Dodge: Dodged            |    45 |   105 |     6 ||   156

Table legend: (Time is in decaauts)
 A = Elapsed time spent in this place.
 B = Non-inter-level travel time spent in this place.
 C = Inter-level travel time spent in this place.
 D = Time resting spent in this place.
 E = Time spent auto-exploring this place.
 F = Levels seen in this place.
 G = Mean time per level.
                   A        B        C        D        E       F      G
               +--------+--------+--------+--------+--------+-----+--------+
         Total |   4379 |   4285 |     94 |    415 |   3025 |   4 | 1094.8 |
       Dungeon |   4379 |   4285 |     94 |    415 |   3025 |   4 | 1094.8 |
               +--------+--------+--------+--------+--------+-----+--------+

Top non-repeatable levels by time:
     D:2: 1276 daAuts
     D:1: 1240 daAuts
     D:3: 1195 daAuts
     D:4: 667 daAuts
